 Dungeon Crawl Stone Soup version 0.32-a0-876-gcfddb08e57 (webtiles) character file.

Game seed: 8137372167821818536

38 GeoRichter the Grasshopper (level 3, -6/30 HPs)
             Began as an Armataur Warper on Apr 1, 2024.
             Mangled by an orc priest
             ... wielding a +0 mace
              (7 damage)
             ... on level 2 of the Dungeon.
             The game lasted 00:01:44 (1214 turns).

GeoRichter the Grasshopper (Armataur Warper)        Turns: 1214, Time: 00:01:44

Health: -6/30      AC:  6    Str: 18    XL:     3   Next: 25%
Magic:  5/5        EV:  6    Int: 13    God:
Gold:   92         SH:  0    Dex:  9    Spells: 5/5 levels left

rFire   . . .        m - +3 whip
rCold   . . .        (no shield)
rNeg    . . .        i - +0 scale mail
rPois   .            (no helmet)
rElec   .            (no cloak)
rCorr   .            (no gloves)
SInv    .            (no barding)
Will    .....        (no amulet) Stlth
                     (no ring)
HPRegen 0.25/turn    (no ring)
MPRegen 0.42/turn

%: roll
@: attractive
A: large, deformed body, tough skin 3, armoured tail, rollpage 1
a: Convert to Beogh


You were on level 2 of the Dungeon.
You visited 1 branch of the dungeon, and saw 2 of its levels.

You collected 92 gold pieces.

Inventory:

Hand Weapons
 m - a +3 whip (weapon)
   (You found it on level 1 of the Dungeon)
Missiles
 d - 7 darts of dispersal (quivered) {!f}
Armour
 i - a +0 scale mail (worn)
   (You took it off a hobgoblin on level 1 of the Dungeon)
 l - a +0 tower shield
   (You found it on level 1 of the Dungeon)
Scrolls
 c - a scroll of blinking
 g - a scroll of enchant armour {unknown}
 h - a scroll of revelation {unknown}
 j - a scroll of fog {unknown}
 k - a scroll of amnesia {unknown}
Potions
 b - a potion of attraction {!q}
 e - 2 potions of haste {unknown}
 f - a potion of heal wounds {unknown}


   Skills:
 + Level 2.4 Fighting
 * Level 2.9 Maces & Flails
 - Level 0.8 Throwing
 - Level 1.2 Armour
 - Level 1.3 Dodging
 - Level 1.7 Spellcasting
 - Level 3.0 Translocations


You had 5 spell levels left.
You didn't know any spells.
Your spell library contained the following spells:

 Spells                   Type           Power      Damage    Failure   Level
 Blink                    Tloc           16%        N/A       36%         2
 Lesser Beckoning         Tloc           16%        N/A       36%         2
 Teleport Other           Tloc           8%         N/A       58%         3
 Maxwell's Portable Pile  Tloc           8%         2d(6-12)  94%         4
 Vhi's Electric Charge    Tloc/Air       10%        N/A       99%         4


Dungeon Overview and Level Annotations

Branches:
Dungeon (2/15) Zot: 10766

Altars:


Innate Abilities, Weirdness & Mutations

Armour fits poorly on your strangely shaped body.
You have extremely tough skin. (AC +3)
You have a long armoured tail.
You regenerate magic when rolling toward enemies. (Rampage MPRegen)


Message History

Found 4 stones.
The orc shouts! x2
There are monsters nearby!
There are monsters nearby!
There are monsters nearby!
You hit the orc.
The orc is heavily wounded.
You hit the orc.
You kill the orc!
An orc priest comes into view. It is wielding a +0 mace.
You hit the quokka.
Your tail-slap misses the quokka.
The quokka is heavily wounded.
The quokka bites you.
You hit the quokka.
You kill the quokka!
You roll towards the orc!
The orc hits you but does no damage.
You whack the orc!
You kill the orc!
A ball python comes into view.
The orc hits you with a +0 whip.
The ball python hisses angrily.
You hit the orc.
The orc is moderately wounded.
The orc hits you but does no damage.
You hit the orc.
You kill the orc!
The orc priest hits you with a +0 mace.
You closely miss the orc priest.
Your tail-slap misses the orc priest.
The orc priest calls down the wrath of Beogh upon you.
Pain shoots through your body!
* * * LOW HITPOINT WARNING * * *
The orc priest shouts, "Surrender to Beogh and we'll let you live!" (press Y on the ability menu to convert to Beogh)
You hit the orc priest.
Your tail-slap misses the orc priest.
The orc priest is heavily wounded.
The orc priest hits you with a +0 mace.
* * * LOW HITPOINT WARNING * * *
You barely miss the orc priest.
The orc priest is heavily wounded.
The orc priest hits you but does no damage.
You closely miss the orc priest.
Your tail-slap misses the orc priest.
The orc priest is heavily wounded.
The ball python barely misses you. The orc priest hits you with a +0 mace.
* * * LOW HITPOINT WARNING * * *
It was a potion of attraction.
You feel attractive to monsters.
A quokka comes into view.
The ball python bites you but does no damage.
The orc priest hits you with a +0 mace!
You die...

..####.# . ...#.#
..####...#
#........## #.
##r..##
#.####.....#####
#..#...#.......#
###...)####....<.#
#...o@...##......#
#...)S...#########
#......(...#
##.........#
#.........#
#.........#
#..######## #..


You could see an orc priest, a quokka (wandering) and a ball python.

Vanquished Creatures
  3 dart slugs (D:1)
  3 orcs (D:2)
  2 ball pythons (D:1)
  2 endoplasms (D:1)
  A giant cockroach (D:1)
  3 goblins (D:1)
  A hobgoblin (D:1)
  3 quokkas
  4 bats (D:1)
  A frilled lizard (D:1)
  3 kobolds (D:1)
  A rat (D:1)
27 creatures vanquished.

Notes
Turn   | Place    | Note
-------+----------+-------------------------------------------
     0 | D:1      | GeoRichter the Armataur Warper began the quest for the Orb.
     0 | D:1      | Reached XP level 1. HP: 17/17 MP: 3/3
   102 | D:1      | Reached XP level 2. HP: 24/24 MP: 4/4
   860 | D:1      | Reached XP level 3. HP: 30/30 MP: 5/5
  1213 | D:2      | HP: 1/30 [orc priest/+0 mace (4)]
  1214 | D:2      | Mangled by an orc priest

Illustrated notes

Levels and vault maps discovered:
D:1:      dpeg_arrival_windows_large_door, layout_basic
D:2:      layout_rooms, serial_curves, eino_curves_02, eino_curves_01,
          minmay_pentomino_x2

Skill      XL: |  1 |
---------------+----+-----
Maces & Flails | 2 |  2.9
Fighting       | 2 |  2.4
Throwing       | |  0.8
Armour         | |  1.2
Dodging        | |  1.3
Spellcasting   | |  1.7
Translocations | |  3.0

Action                     || total
---------------------------++-------
  Melee: Mace              ||    72
         Tailslap          ||    12
         Whip              ||    13
    Use: Potion            ||     1
 Armour: Leather armour    ||    44
         Scale mail        ||    26
  Dodge: Dodged            ||    31

Table legend: (Time is in decaauts)
 A = Elapsed time spent in this place.
 B = Non-inter-level travel time spent in this place.
 C = Inter-level travel time spent in this place.
 D = Time resting spent in this place.
 E = Time spent auto-exploring this place.
 F = Levels seen in this place.
 G = Mean time per level.
                   A        B        C        D        E       F      G
               +--------+--------+--------+--------+--------+-----+--------+
         Total |   1232 |   1175 |     57 |    100 |    827 |   2 |  616.0 |
       Dungeon |   1232 |   1175 |     57 |    100 |    827 |   2 |  616.0 |
               +--------+--------+--------+--------+--------+-----+--------+

Top non-repeatable levels by time:
     D:1: 1210 daAuts
     D:2: 22 daAuts
